Selects Luftwaffe Battlegroup
Selects Luftwaffe Pioneer Support
Fallschirmpioneer Squad Paradrop
Fallschirmpioneer Squad Paradrop
Construct Infanterie Kompanie
Infanterie Officer Quarters
Fallschirmpioneer Squad Paradrop
Selects Flak 38 Anti-Air Emplacement
Construct Panzergrenadier Kompanie
Pak 40 Anti-tank Gun Team
Panzergrenadier Officer Quarters
Selects Reconnaissance Run
Construct Panzer Kompanie
Selects Infantry Reserves
Pak 40 Anti-tank Gun Team
Selects Fallschirmjäger Squad Paradrop
Pak 40 Anti-tank Gun Team